HSSL
JOHN JAY HS PATRIOTS @ RANDALL HS RAIDERS
04/21/2026
 
TOP OF THE 1ST
John Jay HS Patriots batting - Pitching for Randall HS Raiders : RHP Millard Manning
Pitching: RHP Millard Manning
Batting: LHB Christian Lovelass 0-0: Called Strike
0-1: SOLO HOME RUN (Flyball, 9LD), Distance : 337 ft
Batting: RHB Jeff Benson 0-0: Called Strike
0-1: Foul Ball, location: 2F
0-2: SINGLE (Groundball, 6D) (infield hit)
Batting: RHB Marlon Hernández 0-0: Ball
1-0: Ball
2-0: Fielders Choice at 2nd, U6 (Groundball, 6M)
Batting: RHB Ken Williams 0-0: Called Strike
0-1: Ball
1-1: Ball
2-1: Called Strike
2-2: SINGLE (Groundball, 6M)
Marlon Hernández to second
Marlon Hernández to third
Batting: RHB Broderick Banks 0-0: Called Strike
0-1: Ball
1-1: Foul Ball, location: 2F
1-2: Strikes out swinging
Batting: RHB Henry Catron 0-0: Ball
Ken Williams steals 2nd base
1-0: Ball
2-0: Called Strike
2-1: Called Strike
2-2: Strikes out swinging
Top of the 1st over - 1 run(s), 3 hit(s), 0 error(s), 2 left on base; John Jay HS 1 - Randall HS 0
BOTTOM OF THE 1ST
Randall HS Raiders batting - Pitching for John Jay HS Patriots : RHP John Mullally
Pitching: RHP John Mullally
Batting: RHB Phil Hacker 0-0: Called Strike
0-1: Swinging Strike
0-2: Strikes out looking
Batting: RHB Jake Reeves 0-0: Ball
1-0: Ball
2-0: Ball
3-0: Base on Balls
Batting: RHB Alex Miller 0-0: Foul Ball, location: 2F
0-1: Called Strike
0-2: TRIPLE (Flyball, 89M)
Jake Reeves scores
Batting: LHB John Roberts 0-0: Ball
1-0: Ball
2-0: Ball
3-0: Base on Balls
Batting: LHB Jeff Stevens 0-0: Ball
John Roberts steals 2nd base
1-0: Ball
2-0: Ball
3-0: Called Strike
3-1: Base on Balls
Batting: RHB Derek Hartman 0-0: Called Strike
0-1: Ball
1-1: Ball
2-1: Ball
3-1: Base on Balls
Alex Miller scores
John Roberts to third
Jeff Stevens to second
Batting: RHB Flynn Roberts 0-0: Ball
1-0: SINGLE (Groundball, 34)
John Roberts scores
Jeff Stevens to third
Derek Hartman to second
Runner from 3rd tries for Home, SAFE, no throw or cutoff
Batting: LHB Luis Antonio Cortéz 0-0: Ball
1-0: Ball
2-0: Foul Ball, location: 2F
2-1: Called Strike
2-2: Ball
3-2: Base on Balls
Derek Hartman to third
Flynn Roberts to second
Batting: RHB Stephen McNeely 0-0: Fly out, F8 (Flyball, 8LM)
Batting: RHB Phil Hacker 0-0: Ball
1-0: Ball
2-0: DOUBLE (Line Drive, 5D)
Derek Hartman scores
Flynn Roberts scores
Luis Antonio Cortéz to third
Runner from 3rd tries for Home, SAFE, no throw or cutoff
Batting: RHB Jake Reeves 0-0: Called Strike
0-1: Ball
1-1: Ball
2-1: Foul Ball, location: 2F
2-2: Ground out 6-3 (Groundball, 6)
Bottom of the 1st over - 7 run(s), 3 hit(s), 0 error(s), 1 left on base; John Jay HS 1 - Randall HS 7
TOP OF THE 2ND
John Jay HS Patriots batting - Pitching for Randall HS Raiders : RHP Millard Manning
Batting: RHB Jason Taylor 0-0: Ball
1-0: Foul Ball, location: 2F
1-1: Swinging Strike
1-2: Foul Ball, location: 2F
1-2: Ball
2-2: Foul Ball, location: 2F
2-2: Strikes out swinging
Batting: RHB Dave Hayes 0-0: Foul Ball, location: 2F
0-1: Swinging Strike
0-2: Foul Ball, location: 2F
0-2: Strikes out swinging
Batting: SHB Andre Keeler 0-0: Called Strike
0-1: Ball
1-1: Ball
2-1: Swinging Strike
2-2: Foul Ball, location: 2F
2-2: Strikes out swinging
Top of the 2nd over - 0 run(s), 0 hit(s), 0 error(s), 0 left on base; John Jay HS 1 - Randall HS 7
BOTTOM OF THE 2ND
Randall HS Raiders batting - Pitching for John Jay HS Patriots : RHP John Mullally
Batting: RHB Alex Miller 0-0: Fly out, F4 (Popup, 4D)
Batting: LHB John Roberts 0-0: Foul Ball, location: 2F
0-1: Foul Ball, location: 2F
0-2: SOLO HOME RUN (Flyball, 9D), Distance : 378 ft
Pitching: RHP Matt Warren
Batting: LHB Jeff Stevens 0-0: Reached on error, E4 (Groundball, 4)
Batting: RHB Derek Hartman 0-0: Ball
1-0: Ball
2-0: Called Strike
2-1: DOUBLE (Line Drive, 8LM)
Jeff Stevens to third
Batting: RHB Flynn Roberts 0-0: Foul Ball, location: 2F
0-1: DOUBLE (Flyball, 9LM)
Jeff Stevens scores
Derek Hartman scores
Batting: LHB Luis Antonio Cortéz 0-0: Called Strike
0-1: Swinging Strike
0-2: Ball
1-2: Ball
2-2: Ball
3-2: SINGLE (Line Drive, 56)
Flynn Roberts to third
Batting: RHB Stephen McNeely 0-0: Called Strike
0-1: Fly out, F3 (Popup, 3F)
Batting: RHB Phil Hacker 0-0: Foul Ball, location: 2F
0-1: SINGLE (Line Drive, 89M)
Flynn Roberts scores
Luis Antonio Cortéz to second
Batting: RHB Jake Reeves 0-0: Called Strike
0-1: SINGLE (Flyball, 78S)
Luis Antonio Cortéz to third
Phil Hacker to second
Runner from 3rd tries for Home, SAFE, throw made home
Batting: RHB Alex Miller 0-0: Ball
Phil Hacker is caught stealing 3rd base
Bottom of the 2nd over - 5 run(s), 6 hit(s), 1 error(s), 0 left on base; John Jay HS 1 - Randall HS 12
TOP OF THE 3RD
John Jay HS Patriots batting - Pitching for Randall HS Raiders : RHP Millard Manning
Batting: LHB Christian Lovelass 0-0: Ball
1-0: Ball
2-0: Ball
3-0: Called Strike
3-1: Called Strike
3-2: Base on Balls
Batting: RHB Jeff Benson 0-0: Ball
1-0: Foul Ball, location: 2F
1-1: Foul Ball, location: 2F
1-2: SINGLE (Groundball, 3L)
Christian Lovelass to second
Runner from 2nd tries for 3rd, SAFE, no throw or cutoff
Batting: RHB Marlon Hernández 0-0: Foul Ball, location: 2F
0-1: Ball
1-1: Fly out, F8 (Line Drive, 8LM)
Runner from 3rd tags up, SCORES, no throw
Batting: RHB Ken Williams 0-0: Called Strike
0-1: Foul Ball, location: 2F
0-2: Reached on error, E5 (Groundball, 5L)
Jeff Benson to second
Batting: RHB Broderick Banks 0-0: Ball
1-0: Fly out, F7 (Line Drive, 7M)
Batting: RHB Henry Catron 0-0: Fly out, F8 (Flyball, 78M)
Top of the 3rd over - 1 run(s), 1 hit(s), 1 error(s), 2 left on base; John Jay HS 2 - Randall HS 12
BOTTOM OF THE 3RD
Randall HS Raiders batting - Pitching for John Jay HS Patriots : RHP Matt Warren
Batting: RHB Alex Miller 0-0: Foul Ball, location: 2F
0-1: SINGLE (Groundball, 56D)
Batting: LHB John Roberts 0-0: Ball
1-0: Ball
2-0: Ball
Alex Miller is caught stealing 2nd base
3-0: Called Strike
3-1: Called Strike
3-2: Base on Balls
Batting: LHB Jeff Stevens 0-0: Ball
1-0: Called Strike
1-1: Grounds into double play, 3-6-1 (Groundball, 3)
Bottom of the 3rd over - 0 run(s), 1 hit(s), 0 error(s), 0 left on base; John Jay HS 2 - Randall HS 12
TOP OF THE 4TH
John Jay HS Patriots batting - Pitching for Randall HS Raiders : RHP Millard Manning
Batting: RHB Jason Taylor 0-0: Swinging Strike
0-1: Foul Ball, location: 2F
0-2: Foul Ball, location: 2F
0-2: Strikes out swinging
Batting: RHB Dave Hayes 0-0: Swinging Strike
0-1: Called Strike
0-2: Strikes out swinging
Batting: SHB Andre Keeler 0-0: Ball
1-0: Fly out, F7 (Flyball, 7M)
Top of the 4th over - 0 run(s), 0 hit(s), 0 error(s), 0 left on base; John Jay HS 2 - Randall HS 12
BOTTOM OF THE 4TH
Randall HS Raiders batting - Pitching for John Jay HS Patriots : RHP Matt Warren
Batting: RHB Derek Hartman 0-0: Ball
1-0: Swinging Strike
1-1: Ball
2-1: Called Strike
2-2: Ball
3-2: Base on Balls
Batting: RHB Flynn Roberts 0-0: Called Strike
0-1: Fielders Choice at 2nd, 5-4 (Groundball, 5)
Batting: LHB Luis Antonio Cortéz 0-0: Ball
1-0: Ball
2-0: Ball
3-0: Base on Balls
Flynn Roberts to second
Batting: RHB Stephen McNeely 0-0: Ball
1-0: Foul Ball, location: 2F
1-1: Grounds into double play, 4-6-3 (Groundball, 4)
Bottom of the 4th over - 0 run(s), 0 hit(s), 0 error(s), 1 left on base; John Jay HS 2 - Randall HS 12
TOP OF THE 5TH
John Jay HS Patriots batting - Pitching for Randall HS Raiders : RHP Millard Manning
Batting: LHB Christian Lovelass 0-0: Swinging Strike
0-1: Ground out 4-3 (Groundball, 4)
Batting: RHB Jeff Benson 0-0: Ball
1-0: Foul Ball, location: 2F
1-1: Foul Ball, location: 2F
1-2: Strikes out swinging
Batting: RHB Marlon Hernández 0-0: Ball
1-0: Foul Ball, location: 2F
1-1: Ball
2-1: Ball
3-1: Base on Balls
Batting: RHB Ken Williams 0-0: Foul Ball, location: 2F
0-1: Ball
1-1: Called Strike
Marlon Hernández steals 2nd base
1-2: Reached on error, E5 (Groundball, 56)
Marlon Hernández scores
Pitching: RHP Ron Meany
Batting: RHB Broderick Banks 0-0: Ball
1-0: Ball
2-0: Ball
3-0: Base on Balls
Batting: RHB Henry Catron 0-0: Foul Ball, location: 2F
0-1: Ground out 5-3 (Groundball, 5S)
Top of the 5th over - 1 run(s), 0 hit(s), 1 error(s), 2 left on base; John Jay HS 3 - Randall HS 12
BOTTOM OF THE 5TH
Randall HS Raiders batting - Pitching for John Jay HS Patriots : RHP Matt Warren
Batting: RHB Phil Hacker 0-0: Ball
1-0: Ball
2-0: Ball
3-0: Base on Balls
Batting: RHB Jake Reeves 0-0: Ball
Single, Error in OF, E7, batter to second base
Phil Hacker to third
Pitching: LHP Steve O'Farrell
Batting: RHB Alex Miller 0-0: Called Strike
0-1: Fly out, F8 (Flyball, 8RM)
Runner from 3rd tags up, SCORES, no throw
Batting: LHB John Roberts 0-0: Called Strike
0-1: Foul Ball, location: 2F
0-2: Ball
1-2: Ball
2-2: Ground out 1-3 (Groundball, 13)
Jake Reeves to third
Batting: LHB Jeff Stevens 0-0: Called Strike
0-1: Foul Ball, location: 2F
0-2: Ball
1-2: Ball
2-2: Ball
3-2: Base on Balls
Batting: RHB Derek Hartman 0-0: Called Strike
0-1: Foul Ball, location: 2F
0-2: Foul Ball, location: 2F
0-2: Ball
1-2: Ball
2-2: Foul Ball, location: 2F
2-2: Foul Ball, location: 2F
2-2: Strikes out swinging
Bottom of the 5th over - 1 run(s), 1 hit(s), 1 error(s), 2 left on base; John Jay HS 3 - Randall HS 13
TOP OF THE 6TH
John Jay HS Patriots batting - Pitching for Randall HS Raiders : RHP Ron Meany
Batting: RHB Jason Taylor 0-0: Fly out, F8 (Flyball, 8LD)
Batting: RHB Dave Hayes 0-0: Called Strike
0-1: Swinging Strike
0-2: Strikes out swinging
Batting: SHB Andre Keeler 0-0: Fly out, F8 (Flyball, 8LM)
Top of the 6th over - 0 run(s), 0 hit(s), 0 error(s), 0 left on base; John Jay HS 3 - Randall HS 13
BOTTOM OF THE 6TH
Randall HS Raiders batting - Pitching for John Jay HS Patriots : LHP Steve O'Farrell
Batting: RHB Flynn Roberts 0-0: Ball
1-0: Ground out U3 (Groundball, 3)
Batting: LHB Luis Antonio Cortéz 0-0: Called Strike
0-1: Ball
1-1: Ball
2-1: Called Strike
2-2: Foul Ball, location: 2F
2-2: Foul Ball, location: 2F
2-2: Ball
3-2: Foul Ball, location: 2F
3-2: Base on Balls
Batting: RHB Stephen McNeely 0-0: Ball
Luis Antonio Cortéz steals 2nd base
1-0: SINGLE (Line Drive, 7S)
Luis Antonio Cortéz to third
Runner from 3rd tries for Home, throw and OUT!
Batting: RHB Phil Hacker 0-0: Ball
1-0: Ball
2-0: Foul Ball, location: 2F
2-1: Ball
3-1: Called Strike
3-2: Ground out 5-3 (Groundball, 5S)
Bottom of the 6th over - 0 run(s), 1 hit(s), 0 error(s), 1 left on base; John Jay HS 3 - Randall HS 13
TOP OF THE 7TH
John Jay HS Patriots batting - Pitching for Randall HS Raiders : RHP Ron Meany
Batting: LHB Christian Lovelass 0-0: Foul Ball, location: 2F
0-1: Swinging Strike
0-2: Strikes out swinging
Batting: RHB Jeff Benson 0-0: Ball
1-0: Ball
2-0: Ball
3-0: Called Strike
3-1: Base on Balls
Batting: RHB Marlon Hernández 0-0: Swinging Strike
0-1: Ball
1-1: Ball
2-1: Foul Ball, location: 2F
2-2: Ball
3-2: Foul Ball, location: 2F
3-2: Foul Ball, location: 2F
3-2: Strikes out looking
Batting: RHB Ken Williams 0-0: Fly out, F6 (Popup, 56D)
Top of the 7th over - 0 run(s), 0 hit(s), 0 error(s), 1 left on base; John Jay HS 3 - Randall HS 13
BOTTOM OF THE 7TH
Randall HS Raiders batting - Pitching for John Jay HS Patriots : LHP Steve O'Farrell
Pitching: LHP Roger Burgess
Batting: RHB Jake Reeves 0-0: Foul Ball, location: 2F
0-1: Ball
1-1: Reached on error, E6 (Groundball, 6)
Batting: RHB Alex Miller 0-0: Ball
1-0: Ball
2-0: Foul Ball, location: 2F
2-1: Ball
3-1: Base on Balls
Jake Reeves to second
Batting: LHB John Roberts 0-0: Ball
1-0: Ball
2-0: Ball
3-0: Called Strike
3-1: Base on Balls
Jake Reeves to third
Alex Miller to second
Batting: LHB Jeff Stevens 0-0: Foul Ball, location: 2F
0-1: Ball
1-1: Ball
2-1: Ball
3-1: Called Strike
3-2: Base on Balls
Jake Reeves scores
Alex Miller to third
John Roberts to second
Batting: RHB Derek Hartman 0-0: Ball
1-0: Called Strike
1-1: Foul Ball, location: 2F
1-2: Ball
2-2: Ball
3-2: Foul Ball, location: 2F
3-2: Foul Ball, location: 2F
3-2: Foul Ball, location: 2F
3-2: Foul Ball, location: 2F
3-2: SINGLE (Line Drive, 4D)
Alex Miller scores
John Roberts to third
Jeff Stevens to second
Runner from 3rd tries for Home, SAFE, no throw or cutoff
Batting: RHB Flynn Roberts 0-0: Sac Bunt - play at first, batter OUT! 1-4
Jeff Stevens to third
Derek Hartman to second
Batting: LHB Luis Antonio Cortéz 0-0: Ball
1-0: Fly out, F6 (Popup, 56D)
Batting: RHB Stephen McNeely 0-0: Swinging Strike
0-1: Fly out, F7 (Flyball, 78M)
Bottom of the 7th over - 3 run(s), 1 hit(s), 1 error(s), 2 left on base; John Jay HS 3 - Randall HS 16
TOP OF THE 8TH
John Jay HS Patriots batting - Pitching for Randall HS Raiders : RHP Ron Meany
Pitching: RHP Javier Rodríguez
Batting: RHB Broderick Banks 0-0: Ball
1-0: Ball
2-0: Called Strike
2-1: Ball
3-1: Base on Balls
Batting: RHB Henry Catron 0-0: Called Strike
0-1: Swinging Strike
0-2: Foul Ball, location: 2F
0-2: Ball
Wild Pitch!
Broderick Banks to second
1-2: Foul Ball, location: 2F
1-2: Ball
2-2: Ball
3-2: Strikes out looking
Batting: RHB Jason Taylor 0-0: Ball
1-0: Called Strike
1-1: Ball
2-1: Ball
3-1: Foul Ball, location: 2F
3-2: Fly out, F9 (Flyball, 9M)
Batting: RHB Dave Hayes 0-0: Swinging Strike
0-1: Ball
1-1: Swinging Strike
1-2: Foul Ball, location: 2F
1-2: Ball
2-2: Foul Ball, location: 2F
2-2: Ball
3-2: Base on Balls
Batting: SHB Andre Keeler 0-0: Called Strike
0-1: Foul Ball, location: 2F
0-2: Strikes out looking
Top of the 8th over - 0 run(s), 0 hit(s), 0 error(s), 2 left on base; John Jay HS 3 - Randall HS 16
BOTTOM OF THE 8TH
Randall HS Raiders batting - Pitching for John Jay HS Patriots : LHP Roger Burgess
Batting: RHB Phil Hacker 0-0: Called Strike
0-1: Ball
1-1: Ground out 5-3 (Groundball, 56)
Batting: RHB Jake Reeves 0-0: Ball
1-0: DOUBLE (Line Drive, 7LM)
Batting: RHB Alex Miller 0-0: Ball
1-0: Called Strike
1-1: Ball
2-1: Swinging Strike
2-2: Ball
3-2: DOUBLE (Line Drive, 7LS)
Jake Reeves scores
Batting: LHB John Roberts 0-0: Swinging Strike
0-1: Ball
1-1: Ball
2-1: Swinging Strike
2-2: Ball
3-2: Strikes out looking
Batting: LHB Jeff Stevens 0-0: SINGLE (Groundball, 4MD)
Alex Miller to third
Runner from 3rd tries for Home, SAFE, no throw or cutoff
Pitching: LHP Ed Voight
Batting: RHB Derek Hartman 0-0: Called Strike
0-1: Ground out 5-3 (Groundball, 5)
Bottom of the 8th over - 2 run(s), 3 hit(s), 0 error(s), 1 left on base; John Jay HS 3 - Randall HS 18
TOP OF THE 9TH
John Jay HS Patriots batting - Pitching for Randall HS Raiders : RHP Javier Rodríguez
Batting: LHB Christian Lovelass 0-0: Ball
1-0: Ball
2-0: Called Strike
2-1: Called Strike
2-2: Foul Ball, location: 2F
2-2: Ball
3-2: Foul Ball, location: 2F
3-2: DOUBLE (Flyball, 89M)
Batting: RHB Jeff Benson 0-0: Called Strike
0-1: Foul Ball, location: 2F
0-2: Ball
1-2: Strikes out swinging
Batting: RHB Marlon Hernández 0-0: Ball
1-0: Ball
2-0: SINGLE (Flyball, 89S)
Christian Lovelass to third
Runner from 3rd tries for Home, SAFE, no throw or cutoff
Pitching: RHP Dave Mitchell
Batting: RHB Ken Williams 0-0: Called Strike
0-1: Ball
1-1: Ball
2-1: Called Strike
2-2: Ball
3-2: Foul Ball, location: 2F
3-2: Strikes out swinging
Marlon Hernández is caught stealing 2nd base
Batter strikes out.
Top of the 9th over - 1 run(s), 2 hit(s), 0 error(s), 0 left on base; John Jay HS 4 - Randall HS 18
Monday, December 5th, 2016 - OOTP Baseball 17.12 Build 75